 Dungeon Crawl Stone Soup version 0.28.0-49-g6dfe1f597d (webtiles) character file.

Game seed: 5560775150280052367

732 Zeld the Conjurer (level 7, 0/60 HPs)
             Began as a Yellow Draconian Conjurer on May 18, 2022.
             Was an Initiate of Makhleb.
             Killed by divine providence
             ... invoked by an orc priest
              (10 damage)
             ... on level 4 of the Dungeon.
             The game lasted 00:04:32 (4996 turns).

Zeld the Conjurer (Yellow Draconian Conjurer)       Turns: 4996, Time: 00:04:33

Health: 0/60       AC:  6    Str: 10    XL:     7   Next: 45%
Magic:  1/13       EV: 12    Int: 20    God:    Makhleb [......]
Gold:   178        SH:  0    Dex:  9    Spells: 3/14 levels left

rFire   . . .      SeeInvis .   (no weapon)
rCold   . . .      Faith    .   (no shield)
rNeg    . . .      Spirit   .   (armour unavailable)
rPois   .          Reflect  .   (helmet restricted)
rElec   .          Harm     .   (no cloak)
rCorr   +          Rampage  .   (no gloves)
Will    .....                   (no boots)
Stlth   ++........              (no amulet)
HPRegen 0.20/turn               (no ring)
MPRegen 0.13/turn               (no ring)

@: short of breath
A: spit acid, AC +6, unfitting armour, cold-blooded, acid resistance
a: Breathe Acid, Renounce Religion


You were on level 4 of the Dungeon.
You worshipped Makhleb.
Makhleb was noncommittal.
You visited 2 branches of the dungeon, and saw 5 of its levels.

You collected 178 gold pieces.

Inventory:

Jewellery
 l - a ring of resist corrosion
 o - a +4 ring of slaying
Scrolls
 a - a scroll of enchant armour {unknown}
 b - a scroll of blinking {unknown}
 c - 4 scrolls of immolation {unknown}
 d - 3 scrolls of teleportation {unknown}
 e - 2 scrolls of noise {unknown}
 f - 3 scrolls of amnesia {unknown}
 g - 2 scrolls of silence {unknown}
 i - a scroll of summoning {unknown}
 j - a scroll of vulnerability {unknown}
 n - a scroll of identify {unknown}
Potions
 h - 3 potions of mutation {unknown}
 k - a potion of curing {unknown}
 m - a potion of cancellation {unknown}


   Skills:
 * Level 4.4 Fighting
 - Level 1.7 Dodging
 + Level 3.3 Stealth
 * Level 4.3 Spellcasting
 * Level 5.9 Conjurations
 + Level 0.7 Hexes
 + Level 0.9 Translocations


You had 3 spell levels left.
You knew the following spells:

 Your Spells              Type           Power      Damage    Failure   Level
a - Magic Dart            Conj           100%       1d8       1%          1
b - Searing Ray           Conj           56%        2d6       1%          2
c - Fulminant Prism       Conj/Hex       8%         3d7       30%         4
d - Iskenderun's Mystic   Conj/Tloc      18%        2d6       30%         4

Your spell library contained the following spells:

 Spells                   Type           Power      Damage    Failure   Level
 Dazzling Flash           Conj/Hex       34%        N/A       10%         3
 Blink                    Tloc           16%        N/A       13%         2
 Gell's Gravitas          Tloc           8%         N/A       26%         3
 Lesser Beckoning         Tloc           8%         N/A       26%         3
 Teleport Other           Tloc           8%         N/A       26%         3
 Manifold Assault         Tloc           8%         N/A       93%         5
 Dispersal                Tloc           4%         N/A       100%        6


Dungeon Overview and Level Annotations

Branches:
Dungeon (4/15)             Temple (1/1) D:4

Altars:
Ashenzari
Cheibriados
Dithmenos
Elyvilon
Hepliaklqana
Makhleb
Okawaru
Qazlal
Ru
Trog
Wu Jian
Xom
Yredelemnul
Zin
The Shining One


Innate Abilities, Weirdness & Mutations

You can spit globs of acid.
Your golden yellow scales are hard. (AC +6)
You cannot fit into any form of body armour.
You are cold-blooded and may be slowed by cold attacks.
You are resistant to acid. (rCorr)


Message History

The orc priest miscasts a cantrip.
The gnoll hits you but does no damage.
Casting: Searing Ray (safe; 1% risk of failure)
Confirm with . or Enter, or press ? or * to list all spells.
Aiming: Searing Ray (safe; 1% risk of failure)
Press: ? - help, Shift-Dir - straight line, f/p - gnoll
Aim: a gnoll, wielding a +0 whip and quivering a throwing net (almost dead, 82% to hit)
The searing ray hits the gnoll.
You kill the gnoll!
Makhleb accepts your kill. (Press . to maintain the ray.)
The orc priest looks satisfied for a moment.
Without enough magic to sustain it, your searing ray dissipates.
The orc priest mumbles some strange prayers to Beogh against you.
Beogh smites you! The orc hits you with a +0 club.
The gnoll hits you from afar with a +0 spear.
The orc priest miscasts a cantrip.
Press: ? - help, Shift-Dir - straight line, f - orc priest
Aim: an orc priest, wielding a +0 flail and wearing a +0 ring mail (almost dead, 69% to hit)
You spit a glob of acid.
The glob of acid hits the orc!!
The acid splashes onto the gnoll!
The gnoll is splashed with acid.
You kill the orc!
Makhleb accepts your kill.
The gnoll hits you from afar with a +0 spear.
* * * LOW HITPOINT WARNING * * *
You struggle against the net.
The gnoll hits you from afar with a +0 spear.
* * * LOW HITPOINT WARNING * * *
Unknown command.
You struggle against the net.
The gnoll hits you from afar with a +0 spear.
* * * LOW HITPOINT WARNING * * *
Your magical contamination has completely faded away.
Unknown command.
You shred the net and break free! The gnoll hits you but does no damage.
An orc comes into view. It is wielding a +0 hand axe.
The orc priest calls down the wrath of Beogh upon you.
Beogh smites you!
You die...

#####++######
............ $og........
go.o..... ..ogg. #######
##''##
#..#..#######o...#
#..'..'..@)go)...+
#..#..#######....#
#############''''#######
#
.......................
≈≈≈≈≈≈≈≈≈≈....≈≈≈≈≈≈≈≈≈
≈≈≈≈≈≈≈≈≈≈....≈≈≈≈≈≈≈≈≈
≈≈≈≈≈≈≈≈≈≈....≈≈≈≈≈≈≈≈≈
......................
#...............## #


You could see an orc priest, a gnoll and an orc.

Vanquished Creatures
  A steam dragon (D:4)
  A centaur (D:4)
  2 ogres (D:4)
  A scorpion (D:4)
  2 hounds
  Terence (D:3)
  7 gnolls (D:4)
  4 adders
  A worm (D:4)
  2 dart slugs
  12 orcs
  3 ball pythons
  2 bats
  7 endoplasms
  2 giant cockroaches
  7 goblins
  7 hobgoblins
  4 jackals
  5 kobolds
  A quokka (D:1)
  8 frilled lizards (D:1)
  8 rats
88 creatures vanquished.

Vanquished Creatures (others)
  7 plants
7 creatures vanquished.

Grand Total: 95 creatures vanquished

Notes
Turn   | Place    | Note
-------+----------+-------------------------------------------
     0 | D:1      | Zeld the Draconian Conjurer began the quest for the Orb.
     0 | D:1      | Reached XP level 1. HP: 14/14 MP: 3/3
   269 | D:1      | Reached XP level 2. HP: 16/22 MP: 5/5
   415 | D:1      | Learned a level 2 spell: Searing Ray
   417 | D:1      | Reached skill level 1 in Fighting
  1239 | D:2      | Reached XP level 3. HP: 22/28 MP: 1/6
  2483 | D:3      | Noticed Terence
  2571 | D:3      | Killed Terence
  2572 | D:3      | Reached XP level 4. HP: 17/36 MP: 1/8
  3048 | D:3      | Found a bloodstained altar of Trog.
  3087 | D:3      | Found a glowing silver altar of Zin.
  3257 | D:4      | Noticed an ogre
  3313 | D:4      | Noticed an ogre
  3314 | D:4      | Noticed a scorpion
  3330 | D:4      | Killed an ogre
  3331 | D:4      | Reached XP level 5. HP: 39/42 MP: 3/9
  3389 | D:4      | Reached skill level 5 in Conjurations
  3394 | D:4      | Learned a level 4 spell: Fulminant Prism
  3482 | D:4      | Found a staircase to the Ecumenical Temple.
  3491 | D:4      | Reached XP level 6. HP: 35/51 MP: 3/11
  3529 | D:4      | Learned a level 4 spell: Iskenderun's Mystic Blast
  3993 | D:4      | Found a glowing drain.
  4113 | D:4      | Your scales start taking on a golden yellow colour.
  4113 | D:4      | Reached XP level 7. HP: 59/59 MP: 7/13
  4113 | D:4      | Gained mutation: You are resistant to acid. (rCorr) [Yellow
                  | Draconian growth]
  4120 | Temple   | Entered the Ecumenical Temple
  4202 | Temple   | Became a worshipper of Makhleb the Destroyer
  4617 | D:4      | Found a broken altar of Ashenzari.
  4619 | D:4      | Found a hazy altar of Hepliaklqana.
  4740 | D:4      | Noticed a steam dragon
  4747 | D:4      | Killed a steam dragon
  4996 | D:4      | Killed from afar by an orc priest

Illustrated notes

Levels and vault maps discovered:
D:1:      elethiomel_arrival_diamonds, layout_basic, minmay_misc_feat_roman,
          minmay_lizard_king
D:2:      layout_basic, lemuel_another_geyser
D:3:      layout_loops_corners, lightli_temple_of_fire, zin_treasury,
          uniq_terence
D:4:      lemuel_castle_with_subvaults [lemuel_castle_interior_original],
          layout_cave_pools, nicolae_overflow_squiral,
          minmay_temple_entry_ruins, serial_rivers,
          chequers_serial_rivers_large_a, chequers_serial_rivers_micro_a,
          chequers_serial_rivers_micro_e, chequers_serial_rivers_micro_e,
          chequers_serial_rivers_marsh, chequers_serial_rivers_micro_a,
          gup_sewer_entry_glass
Temple:   bh_familiar_temple

Skill      XL: |  1  2  3  4  5  6 |
---------------+-------------------+-----
Stealth        | 2 3 |  3.3
Fighting       | 1 2 3 4 |  4.4
Spellcasting   | 3 4 |  4.3
Conjurations   | 5 |  5.9
Dodging        | |  1.7
Hexes          | |  0.7
Translocations | |  0.9

Action                   |  1- 3 |  4- 6 |  7- 9 || total
-------------------------+-------+-------+-------++-------
Melee: Unarmed           |    39 |     4 |    20 ||    63
       Punch             |     1 |       |       ||     1
       Tailslap          |       |     1 |     1 ||     2
 Cast: Magic Dart        |    78 |    31 |     2 ||   111
       Searing Ray       |     2 |    14 |    11 ||    27
 Abil: Breathe Acid      |       |       |     3 ||     3
 Stab: Sleeping          |     1 |       |     1 ||     2
Armor: Skin              |    18 |    21 |    12 ||    51
Dodge: Dodged            |    41 |    41 |    20 ||   102
